 Dungeon Crawl Stone Soup version 0.30-a0-279-g4b46babb21 (webtiles) character file.

Game seed: 17308555948340776126

26 lunkers the Cutter (level 3, -2/26 HPs)
             Began as a Meteoran Wanderer on Oct 17, 2022.
             Was a Follower of Wu Jian.
             Slain by an adder (4 damage)
             ... on level 3 of the Dungeon.
             The game lasted 00:01:25 (917 turns).

lunkers the Cutter (Meteoran Wanderer)               Turns: 917, Time: 00:01:25

Health: -2/26      AC:  3    Str: 15    XL:     3   Next: 41%
Magic:  4/4        EV: 10    Int: 12    God:    Wu Jian [*.....]
Gold:   79         SH:  5    Dex: 15    Spells: 2/2 levels left

rFire   . . .      SeeInvis .    a - +2 short sword
rCold   . . .      Faith    .    c - +0 buckler
rNeg    . . .      Spirit   .    e - +0 leather armour
rPois   .          Reflect  .    (no helmet)
rElec   .          Harm     .    (no cloak)
rCorr   .          Rampage  .    (no gloves)
Will    .....                    (no boots)
Stlth   +.........               (no amulet)
HPRegen 0.24/turn                (no ring)
MPRegen 0.09/turn                (no ring)

@: glowing
A: sense surroundings 1, otherworldly, glowing, explore regen
a: Renounce Religion


You were on level 3 of the Dungeon.
You worshipped Wu Jian.
Wu Jian was aware of your devotion.
You visited 1 branch of the dungeon, and saw 3 of its levels.

You collected 79 gold pieces.

Inventory:

Hand Weapons
 a - a +2 short sword (weapon)
 b - a +0 hand axe
Armour
 c - a +0 buckler (worn)
 e - a +0 leather armour (worn)
Scrolls
 f - 2 scrolls of magic mapping {unknown}
 h - a scroll of enchant armour {unknown}
 i - a scroll of fear {unknown}
 k - a scroll of noise {unknown}
Potions
 d - a potion of curing
 g - a potion of attraction {unknown}
 j - 2 potions of might {unknown}
 l - a potion of magic {unknown}


   Skills:
 + Level 3.8 Short Blades
 - Level 2.4 Axes
 - Level 1.2 Armour
 - Level 1.0 Stealth
 - Level 3.6 Shields
 - Level 1.2 Evocations


You had 2 spell levels left.
You didn't know any spells.
Your spell library contained the following spells:

 Spells                   Type           Power      Damage    Failure   Level
 Kiss of Death            Conj/Necr      0%         2d5       47%         1


Dungeon Overview and Level Annotations

Branches:
Dungeon (3/15) Zot: 893

Altars:
Wu Jian


Innate Abilities, Weirdness & Mutations

You passively map a small area around you.
You are easily found by Zot.
You glow in the dark.
You regain HP and MP as you explore.


Message History

No target in view!
No target in view!
There is an escape hatch in the floor here.
You open the door. 2 orcs, an orc wizard and an adder come into view.
The orc shouts!
The orc wizard shouts!
The adder hisses angrily.
You hear a shout!
A quokka comes into view.
An orc comes into view. It is wielding a +0 mace.
An orc priest comes into view. It is wielding a +0 hand axe.
The orc priest shouts!
The adder bites you.
There is an open door here.
You closely miss the adder. The adder barely misses you.
You closely miss the adder. The adder misses you.
The orc attacks as you move away! The orc hits you with a +0 dagger.
The adder attacks as you move away! The adder bites you.
You are poisoned.
The adder poisons you!
You feel sick. The adder closely misses you.
You aren't carrying any items that you can evoke.
Unknown command.
You closely miss the adder.
You feel sick. The adder completely misses you.
The adder attacks as you move away! The adder bites you.
* * * LOW HITPOINT WARNING * * *
You are more poisoned.
The adder poisons you!
You feel very sick.
You feel sick.
You feel sick.
You feel sick. The adder bites you.
* * * LOW HITPOINT WARNING * * *
You feel sick.
You feel sick.
You feel sick. The adder bites you.
* * * LOW HITPOINT WARNING * * *
There is an escape hatch in the floor here.
You feel sick.
You are no longer poisoned.
The adder bites you.
You die...

+...≈...+ * *
#.......# * *
#...o...# ,,
###oooo.# *
#.###'# *
#..##.#
##########o.o..#
#.......r...####
#....@So...##
#.##########
#.########
..####*
#>.......#
#.....##
#.######.#
#.#.#..# #.#
##......# #.# ,
...#.#..# #.#
*#......# #.# ,,


You could see an orc priest, an adder, 2 orcs and a quokka.

Vanquished Creatures
  A worm (D:2)
  2 dart slugs (D:1)
  4 ball pythons
  A bat (D:1)
  An endoplasm (D:1)
  A giant cockroach (D:2)
  2 goblins
  A hobgoblin (D:3)
  6 kobolds
  A rat (D:1)
20 creatures vanquished.

Notes
Turn   | Place    | Note
-------+----------+-------------------------------------------
     0 | D:1      | lunkers the Meteoran Wanderer began the quest for the Orb.
     0 | D:1      | lunkers set off with the following items: a +2 short sword,
                  | a +0 hand axe, a +0 buckler, a potion of curing, a +0
                  | leather armour.
     0 | D:1      | Reached XP level 1. HP: 14/14 MP: 2/2
   106 | D:1      | Reached XP level 2. HP: 6/20 MP: 3/3
   362 | D:2      | Reached XP level 3. HP: 24/26 MP: 4/4
   784 | D:2      | Found a faded altar of an unknown god.
   798 | D:2      | Got Plato's Encyclopedia of the Undead
   799 | D:2      | Prayed at the altar of an unknown god.
   799 | D:2      | Became a worshipper of the Wu Jian Council
   799 | D:2      | Reached * piety under Wu Jian
   917 | D:3      | Slain by an adder

Illustrated notes

Levels and vault maps discovered:
D:1:      ebering_trefoil_twist, layout_basic
D:2:      layout_loops_corners, shapermc_ecumenical_altar_rom_forum
D:3:      layout_loops_ring, serial_glass, glass_columns_a, glass_columns_c,
          kennysheep_cluttered_room, kennysheep_flooded_box

Skill      XL: |  1  2 |
---------------+-------+-----
Short Blades   | 3 |  3.8
Axes           | |  2.4
Armour         | |  1.2
Stealth        | |  1.0
Shields        | |  3.6
Evocations     | |  1.2

Action                   || total
-------------------------++-------
Melee: Short sword       ||    94
Invok: Lunge             ||     1
Armor: Leather armour    ||    17
Dodge: Dodged            ||    19
Block: Buckler           ||    21

Table legend: (Time is in decaauts)
 A = Elapsed time spent in this place.
 B = Non-inter-level travel time spent in this place.
 C = Inter-level travel time spent in this place.
 D = Time resting spent in this place.
 E = Time spent auto-exploring this place.
 F = Levels seen in this place.
 G = Mean time per level.
                   A        B        C        D        E       F      G
               +--------+--------+--------+--------+--------+-----+--------+
         Total |    905 |    905 |      0 |      0 |    703 |   3 |  301.7 |
       Dungeon |    905 |    905 |      0 |      0 |    703 |   3 |  301.7 |
               +--------+--------+--------+--------+--------+-----+--------+

Top non-repeatable levels by time:
     D:2: 488 daAuts
     D:1: 320 daAuts
     D:3: 95 daAuts
